 Dungeon Crawl Stone Soup version 0.29.1-12-g30fa7ad0bf (webtiles) character file.

Game seed: 36550329867352888

35 mortz the Chopper (level 3, -1/23 HPs)
             Began as a Gargoyle Abyssal Knight on Dec 31, 2022.
             Was a Priest of Lugonu.
             Slain by a gnoll
             ... wielding a +0 spear
              (4 damage)
             ... on level 1 of the Dungeon.
             The game lasted 00:07:18 (1436 turns).

mortz the Chopper (Gargoyle Abyssal Knight)         Turns: 1436, Time: 00:07:19

Health: -1/23      AC:  8    Str: 18    XL:     3   Next: 35%
Magic:  4/4        EV: 10    Int: 10    God:    Lugonu [***...]
Gold:   49         SH:  0    Dex: 10    Spells: 2/2 levels left

rFire   . . .      SeeInvis .   a - +0 war axe
rCold   . . .      Faith    .   (no shield)
rNeg    + . .      Spirit   .   g - +0 ring mail
rPois   ∞          Reflect  .   (no helmet)
rElec   +          Harm     .   (no cloak)
rCorr   .          Rampage  .   (no gloves)
Will    .....                   (no boots)
Stlth   ..........              (no amulet)
HPRegen 0.07/turn               (no ring)
MPRegen 0.09/turn               (no ring)

@: no status effects
A: sickness immunity, AC +3, negative energy resistance 1, electricity
resistance, torment resistance 1, petrification resistance
a: Renounce Religion, Depart the Abyss, Bend Space, Banish


You were on level 1 of the Dungeon.
You worshipped Lugonu.
Lugonu was most pleased with you.
You visited 1 branch of the dungeon, and saw 2 of its levels.
You visited the Abyss 1 time.

You collected 49 gold pieces.

Inventory:

Hand Weapons
 a - a +0 war axe (weapon)
 b - a +1 hand axe
 e - a +1 dagger of draining
Missiles
 c - 18 stones
 d - 4 datura-tipped darts
 f - 4 poisoned darts (quivered)
Armour
 g - a +0 ring mail (worn)
Magical Staves
 j - a staff of earth
Scrolls
 l - a scroll of summoning {unknown}
 m - a scroll of vulnerability {unknown}
 o - a scroll of brand weapon {unknown}
Potions
 h - a potion of brilliance {unknown}
 i - a potion of heal wounds {unknown}
 k - 2 potions of ambrosia {unknown}
 n - a potion of curing {unknown}


   Skills:
 - Level 3.2 Fighting
 * Level 3.3 Axes
 - Level 2.1 Armour
 - Level 0.7 Dodging
 + Level 2.0 Invocations


You had 2 spell levels left.
You didn't know any spells.
Your spell library was empty.

Dungeon Overview and Level Annotations

Branches:
Dungeon (2/15) Zot: 10540

Altars:


Innate Abilities, Weirdness & Mutations

You are immune to sickness and miasma.
Your stone body is resilient. (AC +3)
You are immune to poison.
You resist negative energy. (rN+)
You are resistant to electric shocks. (rElec)
You are resistant to unholy torment.
You are immune to petrification.


Message History

o - a scroll labelled HIXZUY YHANOSO
There is a stone staircase leading up here.
The gnoll hits you with a +0 spear.
The gnoll hits you from afar with a +2 vorpal spear.
There is a stone staircase leading up here.
The gnoll hits you from afar with a +2 vorpal spear.
You climb upwards.
There is a stone staircase leading down here.
You barely miss the gnoll. The gnoll hits you with a +0 spear.
You are too injured to fight recklessly!
You are too injured to fight recklessly!
You are too injured to fight recklessly!
You are too injured to fight recklessly!
You are too injured to fight recklessly!
You are too injured to fight recklessly!
You are too injured to fight recklessly!
You are too injured to fight recklessly!
You are too injured to fight recklessly!
You are too injured to fight recklessly!
You are too injured to fight recklessly!
You are too injured to fight recklessly!
You slash the gnoll!
The gnoll is severely wounded.
You hit the gnoll but do no damage.
The gnoll is severely wounded.
The gnoll closely misses you.
You hit the gnoll.
The gnoll is almost dead.
You barely miss the gnoll.
The gnoll is almost dead.
The gnoll hits you with a +0 spear.
You closely miss the gnoll.
The gnoll is almost dead.
The gnoll hits you with a +0 spear.
* * * LOW HITPOINT WARNING * * *
The gnoll closely misses you.
You hit the gnoll but do no damage.
The gnoll is almost dead.
The gnoll hits you with a +0 spear.
You die...

######### ######
#####.......# #.....
#......@###.#######.....
#.###.#.g...............
#.###.#..##.#####.#.....
#.##.....##.# ##........
#.##..#.###.# #.....####
#.#.....# #.# ##...##
#.......###.# ##.##
###.........# #.#
#..##.##### #.#


You could see a gnoll.

Vanquished Creatures
  A dart slug (D:1)
  3 bats
  2 endoplasms
  2 giant cockroaches
  3 hobgoblins
  A quokka (D:1)
  5 ball pythons
  A frilled lizard (D:1)
  3 goblins (D:2)
  5 kobolds (D:1)
  4 rats
30 creatures vanquished.

Notes
Turn   | Place    | Note
-------+----------+-------------------------------------------
     0 | Abyss:1  | mortz the Gargoyle Abyssal Knight began the quest for the
                  | Orb.
     0 | Abyss:1  | Reached XP level 1. HP: 14/14 MP: 2/2
     1 | D:1      | Escaped the Abyss
   238 | D:1      | Reached XP level 2. HP: 19/19 MP: 3/3
  1081 | D:2      | Reached *** piety under Lugonu
  1082 | D:2      | Reached XP level 3. HP: 23/23 MP: 4/4
  1436 | D:1      | Slain by a gnoll

Illustrated notes

Levels and vault maps discovered:
D:1:      dpeg_arrival_lava_temple_mockup, layout_loops_corners
D:2:      layout_rooms, grunt_ministairs_13

Skill      XL: |  1  2 |
---------------+-------+-----
Axes           | 2 3 |  3.3
Fighting       | |  3.2
Armour         | |  2.1
Dodging        | |  0.7
Invocations    | |  2.0

Action                   || total
-------------------------++-------
Melee: Hand axe          ||    34
       War axe           ||    48
Throw: Stone             ||     1
Armor: Leather armour    ||     6
       Ring mail         ||    29
Dodge: Dodged            ||    42
